 Dungeon Crawl Stone Soup version 0.25-a0-785-gb22c70e859 (webtiles) character file.

Game seed: 11675831202112953741, levelgen mode: deterministic

51 mortelune the Bolt Thrower (level 4, -4/27 HPs)
             Began as a Kobold Hunter on Apr 17, 2020.
             Killed from afar by Natasha (6 damage)
             ... with a magic dart
             ... on level 1 of the Dungeon.
             The game lasted 00:02:10 (1716 turns).

mortelune the Bolt Thrower (Kobold Hunter)          Turns: 1716, Time: 00:02:11

Health: -4/27      AC:  9    Str: 10    XL:     4   Next: 7%
Magic:  4/4        EV: 14    Int: 12    God:
Gold:   56         SH:  0    Dex: 15    Spells: 3/3 levels left

rFire    . . .     SeeInvis .   b - +0 short sword
rCold    . . .     Gourm    .   (shield restricted)
rNeg     . . .     Faith    .   i - +3 ring mail
rPois    .         Spirit   .   (no helmet)
rElec    .         Reflect  .   (no cloak)
rCorr    .         Harm     .   (no gloves)
MR       .....                  h - +0 pair of boots
Stlth    +.........             (no amulet)
HPRegen  0.09/turn              (no ring)
MPRegen  0.09/turn              (no ring)

@: no status effects
A: small, carnivore
a: no special abilities


You were on level 1 of the Dungeon.
You were full.

You visited 1 branch of the dungeon, and saw 2 of its levels.

You collected 56 gold pieces.

Inventory:

Hand Weapons
 a - a +1 hand crossbow
 b - a +0 short sword (weapon)
Missiles
 d - 10 bolts
Armour
 c - a +0 leather armour
 h - a +0 pair of boots (worn)
 i - a +3 ring mail (worn)
Scrolls
 g - a scroll of identify {unknown}
 j - a scroll of fear {unknown}
 k - a scroll of teleportation {unknown}
 l - a scroll of remove curse {unknown}
Potions
 e - a potion of cancellation
 m - a potion of curing {unknown}
Comestibles
 f - 2 rations


   Skills:
 + Level 2.8 Fighting
 - Level 4.8 Crossbows
 + Level 3.2 Dodging
 - Level 1.3 Stealth
 * Level 2.2 Unarmed Combat


You had 3 spell levels left.
You didn't know any spells.
Your spell library was empty.

Dungeon Overview and Level Annotations

Branches:
Dungeon (2/15)

Altars:

Annotations:
D:1 Natasha


Innate Abilities, Weirdness & Mutations

You are small and have problems with some larger weapons.
You are carnivorous and can eat meat at any time.


Message History

You hit Natasha.
Natasha is heavily wounded.
Natasha zaps a wand.
The puff of flame hits you!
You closely miss Natasha.
Natasha is heavily wounded.
Natasha misses you.
You hit Natasha.
Natasha is severely wounded.
Natasha closely misses you.
You barely miss Natasha.
Natasha is severely wounded.
Natasha stares at you and mumbles some strange words.
The magic dart hits you!
* * * LOW HITPOINT WARNING * * *
It was a potion of cancellation.
You feel magically purged.
Natasha extends her claws.
Natasha closely misses you.
Natasha stares at you and mumbles some strange words.
The magic dart hits you.
You die...

.......#..#..'## #.........#.....
.......#.(########....)....#.....
.......#......##...........#.....
.........####.##.....#####.#...##
###......# #.##.#...# #.#...# #
#......# #..#.#...# #.#...# #
#......# ##.#.#...#####.#...## #
#......# #...#.###........... #
#....).# ##.@#.# ###.#.###.## #
#......# #.>#.# #.#.###.## #
#......# ##h#.# #.#.....##
########.# #.#.# #.########
.........# ###.# #.# # ##########
#.# #.# # #.# #.# # #.#
#.######## #########.# #.........


You could see Natasha.

Vanquished Creatures
  2 oozes (D:1)
  2 dart slugs (D:1)
  A ball python (D:1)
  A giant cockroach (D:1)
  4 goblins
  8 hobgoblins (D:1)
  3 jackals (D:1)
  5 kobolds
  3 bats (D:1)
  2 frilled lizards (D:1)
  4 rats (D:1)
35 creatures vanquished.

Notes
Turn   | Place    | Note
-------+----------+-------------------------------------------
     0 | D:1      | mortelune the Kobold Hunter began the quest for the Orb.
     0 | D:1      | Reached XP level 1. HP: 12/12 MP: 1/1
    30 | D:1      | Reached XP level 2. HP: 15/18 MP: 2/2
    36 | D:1      | Reached skill level 1 in Unarmed Combat
   513 | D:1      | Reached XP level 3. HP: 15/22 MP: 3/3
  1444 | D:1      | Reached XP level 4. HP: 27/27 MP: 4/4
  1701 | D:2      | Noticed Natasha
  1716 | D:1      | Killed from afar by Natasha

Levels and vault maps discovered:
D:1:      dpeg_arrival_connections, layout_basic
D:2:      minmay_recursive_quarters, layout_basic,
          gammafunk_temple_overflow_claw, xom_teletrap_fun, first_ration,
          okawaru_gym_becter, uniq_jessica, uniq_natasha

Skill      XL: |  1  2  3 |
---------------+----------+-----
Unarmed Combat | 1 2 |  2.2
Dodging        | 3 |  3.2
Fighting       | |  2.8
Crossbows      | |  4.8
Stealth        | |  1.3

Action                   |  1- 3 |  4- 6 || total
-------------------------+-------+-------++-------
Melee: Short sword       |    64 |     7 ||    71
 Fire: Hand crossbow     |    50 |     4 ||    54
  Use: Potion            |       |     1 ||     1
  Eat: Chunk             |     7 |       ||     7
Armor: Leather armour    |    20 |       ||    20
       Ring mail         |     2 |     1 ||     3
Dodge: Dodged            |    64 |     6 ||    70

Table legend:
 A = Non-vault XP
 B = Vault XP
 C = Vault XP percentage of total XP
 D = Non-vault monster count
 E = Vault monster count
 F = Vault count percentage of total count
                 A         B        C        D         E       F
            +---------+---------+-------+---------+---------+-------
      Total |      74 |       0 |   0.0 |      35 |       0 |   0.0
            +---------+---------+-------+---------+---------+-------
        D:1 |      71 |       0 |   0.0 |      33 |       0 |   0.0
        D:2 |       3 |       0 |   0.0 |       2 |       0 |   0.0
            +---------+---------+-------+---------+---------+-------
